 Dungeon Crawl Stone Soup version 0.30-a0-4-ga7cffc901d (webtiles) character file.

Game seed: 14438576329958646790

21710 SensoryNuts the Basher (level 12, -8/100 HPs)
             Began as a Demigod Fighter on Aug 21, 2022.
             Engulfed by a bog body's freezing vapour (16 damage)
             ... on level 1 of the Swamp.
             The game lasted 00:22:53 (13298 turns).

SensoryNuts the Basher (Demigod Fighter)           Turns: 13298, Time: 00:22:53

Health: -8/100     AC: 21    Str: 35    XL:     12   Next: 26%
Magic:  15/15      EV: 16    Int: 10    God:
Gold:   674        SH:  9    Dex: 13    Spells: 11/11 levels left

rFire   . . .      SeeInvis .    h - +11 morningstar of Oracieff {vorpal, Str+2}
rCold   . . .      Faith    .    O - +0 kite shield
rNeg    . . .      Spirit   .    I - +3 plate armour
rPois   .          Reflect  .    (no helmet)
rElec   .          Harm     .    y - scarf {repulsion}
rCorr   .          Rampage  .    l - +2 pair of gloves
Will    +....      Clarity  +    c - +0 pair of boots
Stlth   ..........               r - amulet of regeneration
HPRegen 1.06/turn                d - +4 ring of evasion
MPRegen 0.14/turn                m - +4 ring of evasion

@: repel missiles, very slow
A: high MP 1, forlorn, divine attributes, clarity
a: no special abilities


You were on level 1 of the Swamp.
You visited 4 branches of the dungeon, and saw 15 of its levels.
You also visited: Sewer.

You collected 960 gold pieces.
You spent 286 gold pieces at shops.

Inventory:

Hand Weapons
 a - a +0 war axe
 h - the +11 morningstar of Oracieff (weapon) {vorpal, Str+2}
   (You found it in a sewer)

   It inflicts extra damage upon your enemies.
   Str:       It affects your strength (+2).
Missiles
 C - 7 throwing nets (quivered)
Armour
 c - a +0 pair of boots (worn)
 l - a +2 pair of gloves (worn)
 y - a scarf of repulsion (worn)
 I - a +3 plate armour (worn)
 O - a +0 kite shield (worn)
Jewellery
 d - a +4 ring of evasion (left hand)
 m - a +4 ring of evasion (right hand)
 r - an amulet of regeneration (around neck)
Wands
 i - a wand of iceblast (4)
 u - a wand of flame (22)
 D - a wand of mindburst (10)
 K - a wand of acid (9)
Scrolls
 b - 2 scrolls of amnesia
 e - 6 scrolls of teleportation
 g - 4 scrolls of fog
 j - 5 scrolls of immolation
 k - 2 scrolls of magic mapping
 s - 3 scrolls of torment
 v - 2 scrolls of enchant weapon
 w - a scroll of brand weapon
 z - a scroll of fear
 F - 4 scrolls of identify
 G - 2 scrolls of silence
 N - a scroll of blinking
Potions
 n - 3 potions of flight
 p - 5 potions of curing
 t - 2 potions of heal wounds
 x - 5 potions of lignification
 B - 3 potions of mutation
 E - 5 potions of magic
 H - a potion of degeneration


   Skills:
 + Level 7.1 Fighting
 + Level 4.8(10.8) Axes
 * Level 14.8(15.1) Maces & Flails
 + Level 7.6 Armour
 + Level 4.0 Dodging
 + Level 1.8 Stealth
 + Level 5.2 Shields


You had 11 spell levels left.
You didn't know any spells.
Your spell library contained the following spells:

 Spells                   Type           Power      Damage    Failure   Level
 Necrotise                Necr           0%         1d4       100%        1
 Sublimation of Blood     Necr           0%         N/A       100%        2
 Wereblood                Tmut           0%         N/A       100%        2
 Ignite Poison            Fire/Tmut/Pois 0%         N/A       100%        3
 Mephitic Cloud           Conj/Pois/Air  0%         N/A       100%        3
 Vampiric Draining        Necr           0%         2d6       100%        3
 Summon Ice Beast         Ice/Summ       0%         N/A       100%        4
 Agony                    Necr           0%         N/A       100%        5
 Freezing Cloud           Conj/Ice/Air   0%         6-21      100%        5
 Summon Mana Viper        Hex/Summ       0%         N/A       100%        5
 Monstrous Menagerie      Summ           0%         N/A       100%        7
 Summon Hydra             Summ           0%         N/A       100%        7


Dungeon Overview and Level Annotations

Branches:
Dungeon (10/15)            Temple (1/1) D:4            Lair (3/5) D:10
  Swamp (1/4) Lair:3        Snake (0/4) Lair:3        Sewer (visited)
    Orc: D:9-12

Shops:
D:5 !


Innate Abilities, Weirdness & Mutations

You have an increased reservoir of magic. (+10% MP)
You shall have no god before yourself.
Your divine heritage dramatically boosts your attributes as you level up.
You possess an exceptional clarity of mind.


Message History

Found 2 scrolls of fog.
You enter the shallow water.
Moving in this stuff is going to be slow.
You see here a +0 pair of boots.
c - a +0 pair of boots You start putting on your armour.
You continue putting on your +0 pair of boots. x4
You finish putting on your +0 pair of boots.
g - 4 scrolls of fog (gained 2)
A bloated husk comes into view.
A bloated husk is nearby!
You enter the shallow water.
Moving in this stuff is going to be slow.
The bloated husk explodes!
The blast of putrescent gases engulfs you!!
No target in view!
A bog body comes into view.
A bog body is nearby!
A bog body is nearby!
The bog body closely misses you.
A goliath frog comes into view.
The bog body touches you but does no damage.
Your unstable footing causes you to fumble your attack.
Your unstable footing causes you to fumble your attack.
The bog body touches you. The bog body freezes you!!
You are too injured to fight recklessly!
You are too injured to fight recklessly!
You feel much better. The bog body touches you. The bog body freezes you!!
You closely miss the bog body. You block the bog body's attack.
You puncture the bog body!
The bog body is moderately damaged.
You block the bog body's attack. The goliath frog barely misses you.
Your unstable footing causes you to fumble your attack.
The bog body casts a spell at you. The bolt of cold hits you!!!
* * * LOW HITPOINT WARNING * * *
The goliath frog misses you.
Your unstable footing causes you to fumble your attack.
You are engulfed in freezing vapours.
You die...

♣♣.~. ...~ .~~ ~.♣♣♣
.... ♣♣♣ ♣.F♣♣♣♣≈..
♣.n......♣ ♣ ♣♣♣♣
♣~@...♣♣♣♣PP ♣....
♣.°.♣....... ♣.~~~
♣♣°~.......~ ..~~~.
♣♣♣~.?$..~~~
...~~.♣♣~..~♣♣§.~~~
......~..........~~.
..~~..~.~~.~~~.....~
~~...♣...~~.~~.~~.♣♣
♣♣♣♣ ♣♣~.......~~~.♣


You could see a goliath frog and a bog body.

Vanquished Creatures
  2 hydras
  2 two-headed ogres
  The ghost of Heh the Nimble, a novice OpGl of Okawaru (D:8)
  2 bog bodies (Lair:3)
  Pikel (D:5)
  An ugly thing (D:9)
  2 black mambas (Lair:3)
  Joseph (D:10)
  3 cane toads
  6 rime drakes
  3 komodo dragons
  A kobold demonologist (D:9)
  A troll (D:10)
  2 slime creatures (D:8)
  Grinder (Sewer)
  9 blink frogs (Lair:3)
  Sigmund (D:5)
  12 yaks
  3 wyverns (Lair:3)
  Eustachio (D:5)
  A basilisk (Lair:2)
  3 wraiths
  3 steam dragons
  Edmund (D:5)
  19 water moccasins
  An acid dragon (D:8)
  3 orc warriors
  2 black bears
  2 ogres
  A centaur (D:8)
  3 lemures (D:5)
  2 kobold brigands (Sewer)
  Blork the orc (D:5)
  10 bullfrogs
  2 gnoll sergeants (D:7)
  2 necrophages (D:6)
  3 scorpions
  9 wights
  11 howler monkeys
  An electric eel (Lair:3)
  11 hounds
  A quasit (Sewer)
  7 jellies
  2 orc priests
  Crazy Yiuf (D:7)
  4 gnoll boudas
  4 iguanas
  8 orc wizards
  28 gnolls
  12 adders
  7 shadow imps
  3 ufetubi
  2 worms
  2 dart slugs (D:4)
  29 orcs
  6 ball pythons
  5 bats
  6 endoplasms
  8 giant cockroaches
  7 goblins
  4 hobgoblins
  6 jackals (D:7)
  16 kobolds
  2 quokkas (D:4)
  4 frilled lizards
  8 rats
328 creatures vanquished.

Vanquished Creatures (others)
  A bloated husk (Swamp:1)
  4 fungi
  19 plants
24 creatures vanquished.

Grand Total: 352 creatures vanquished

Notes
Turn   | Place    | Note
-------+----------+-------------------------------------------
     0 | D:1      | SensoryNuts the Demigod Fighter began the quest for the
                  | Orb.
     0 | D:1      | Reached XP level 1. HP: 18/18 MP: 3/3
   741 | D:1      | Reached XP level 2. HP: 12/25 MP: 4/4
  1706 | D:2      | Reached XP level 3. HP: 28/31 MP: 5/5
  2160 | D:3      | Reached skill level 1 in Dodging
  2430 | D:3      | Found a glowing drain.
  2446 | D:3      | Reached XP level 4. HP: 27/38 MP: 6/6
  2553 | Sewer    | Entered a sewer
  2862 | Sewer    | Noticed a kobold brigand
  2868 | Sewer    | Gained mutation: Your body sometimes deteriorates upon
                  | taking damage. [potion of mutation]
  2881 | Sewer    | Killed a kobold brigand
  2882 | Sewer    | Reached XP level 5. HP: 18/45 MP: 7/7
  3100 | Sewer    | Identified the +11 morningstar of Oracieff {vorpal, Str+2}
  3168 | Sewer    | Noticed Grinder
  3184 | Sewer    | Killed Grinder
  3185 | Sewer    | Reached skill level 1 in Maces & Flails
  3185 | Sewer    | Reached XP level 6. HP: 37/52 MP: 8/8
  3869 | D:4      | Found a staircase to the Ecumenical Temple.
  3963 | Temple   | Entered the Ecumenical Temple
  3963 | Temple   | Found a transporter.
  3963 | Temple   | Found a transporter.
  4037 | Temple   | Found a transporter.
  4037 | Temple   | Found a transporter.
  4211 | D:4      | Reached skill level 2 in Maces & Flails
  4232 | D:4      | Reached XP level 7. HP: 59/59 MP: 9/9
  4339 | D:4      | Reached skill level 3 in Maces & Flails
  4680 | D:4      | Lost mutation: Your body sometimes deteriorates upon taking
                  | damage. [potion of mutation]
  4680 | D:4      | Gained mutation: You possess an exceptional clarity of
                  | mind. [potion of mutation]
  4696 | D:5      | Entered Level 5 of the Dungeon
  4708 | D:5      | Noticed Pikel
  4708 | D:5      | Noticed Blork the orc
  4730 | D:5      | Killed Blork the orc
  4740 | D:5      | Killed Pikel
  4741 | D:5      | Reached skill level 5 in Maces & Flails
  4741 | D:5      | Reached XP level 8. HP: 49/66 MP: 10/10
  4984 | D:5      | Noticed Eustachio
  4996 | D:5      | Killed Eustachio
  4997 | D:5      | Reached skill level 6 in Maces & Flails
  4997 | D:5      | Reached skill level 1 in Stealth
  5039 | D:5      | Noticed Edmund
  5049 | D:5      | Killed Edmund
  5173 | D:5      | Found Basugevu's Distillery.
  5181 | D:5      | Bought a potion of curing for 33 gold pieces
  5181 | D:5      | Bought a potion of heal wounds for 55 gold pieces
  5181 | D:5      | Bought a potion of heal wounds for 55 gold pieces
  5181 | D:5      | Bought a potion of curing for 33 gold pieces
  5181 | D:5      | Bought a potion of heal wounds for 55 gold pieces
  5181 | D:5      | Bought a potion of heal wounds for 55 gold pieces
  5449 | D:5      | Noticed Sigmund
  5458 | D:5      | Killed Sigmund
  5459 | D:5      | Reached skill level 7 in Maces & Flails
  6091 | D:6      | Reached XP level 9. HP: 56/72 MP: 11/11
  6242 | D:6      | Reached skill level 8 in Maces & Flails
  6929 | D:7      | Reached skill level 5 in Armour
  6987 | D:7      | Reached skill level 9 in Maces & Flails
  7748 | D:7      | Found a runed translucent door.
  7749 | D:7      | Noticed Crazy Yiuf
  7754 | D:7      | Killed Crazy Yiuf
  7835 | D:8      | Reached skill level 5 in Fighting
  7912 | D:8      | Reached skill level 10 in Maces & Flails
  7912 | D:8      | Reached XP level 10. HP: 58/81 MP: 13/13
  8033 | D:8      | Found a flagged portal.
  8216 | D:8      | Found a runed translucent gate.
  8217 | D:8      | Found a runed translucent gate.
  8217 | D:8      | Noticed Heh's ghost (novice OpGl)
  8218 | D:8      | Found a runed translucent gate.
  8598 | D:8      | Killed Heh's ghost
  8918 | D:9      | Noticed a cyan ugly thing
  8924 | D:9      | Killed a cyan ugly thing
  8925 | D:9      | Reached skill level 11 in Maces & Flails
  8950 | D:9      | Noticed a two-headed ogre
  8961 | D:9      | Killed a two-headed ogre
  9771 | D:10     | Entered Level 10 of the Dungeon
 10065 | D:10     | Found a staircase to the Lair.
 10148 | D:10     | Noticed Joseph
 10154 | D:10     | Killed Joseph
 10155 | D:10     | Reached XP level 11. HP: 89/89 MP: 14/14
 10310 | D:10     | Reached skill level 12 in Maces & Flails
 10323 | D:10     | Noticed a two-headed ogre
 10327 | D:10     | Killed a two-headed ogre
 10989 | Lair:1   | Entered Level 1 of the Lair of Beasts
 11897 | Lair:2   | Noticed an eight-headed hydra
 11903 | Lair:2   | Killed an eight-headed hydra
 11904 | Lair:2   | Reached skill level 13 in Maces & Flails
 12692 | Lair:3   | Found a staircase to the Swamp.
 12692 | Lair:3   | Noticed a bog body
 12693 | Lair:3   | Noticed a bog body
 12701 | Lair:3   | Killed a bog body
 12703 | Lair:3   | Killed a bog body
 12725 | Lair:3   | Found the +3 salamander hide armour {Flames rF++ rC--}
 12729 | Lair:3   | Reached skill level 14 in Maces & Flails
 12734 | Lair:3   | Reached skill level 5 in Shields
 12807 | Lair:3   | Reached XP level 12. HP: 97/97 MP: 15/15
 12967 | Lair:3   | Noticed a seven-headed hydra
 12974 | Lair:3   | Killed a seven-headed hydra
 13100 | Lair:3   | Found a staircase to the Snake Pit.
 13260 | Swamp:1  | Entered Level 1 of the Swamp
 13298 | Swamp:1  | Engulfed by a bog body's freezing vapour

Illustrated notes

Levels and vault maps discovered:
D:1:      matt_arrival_spirals, layout_loops_ring,
          shapermc_ecumenical_altar_ellora
D:2:      layout_loops_ring, minmay_misc_feat_columns, grunt_decor_fettered
D:3:      minmay_door_path, layout_rooms, worldfamousw_hep_ancestral_shrine,
          ashenzari_conservatory_becter, portal_sewer_entry_c,
          serial_bayou_crossing
D:4:      minmay_bubble_buster, layout_cave_pools, mainiacjoe_overflow_swirl,
          minmay_temple_entry_enclosed_plants, dk_noncrumbling_4
D:5:      layout_basic, serial_shops, shop, nicolae_underground_beach,
          uniq_edmund, uniq_blork_the_orc, uniq_pikel, uniq_sigmund,
          uniq_eustachio
D:6:      layout_loops_ring, general_overflow_altar
D:7:      layout_cave_pools, grunt_temple_overflow_octagram, serial_gnoll_camp,
          gnoll_camp_mini_basic, gnoll_camp_medium_02, gnoll_camp_mini_doghouse,
          gnoll_camp_mini_house, gnoll_camp_mini_basic, palyth_stone_intersect,
          uniq_crazy_yiuf_cottage
D:8:      layout_loops_ring, gammafunk_temple_overflow_elements, enter_bailey_6,
          gammafunk_ghost_ooze
D:9:      layout_stronghold
D:10:     layout_basic, mainiacjoe_overflow_alcove_4, lair_entry_dummy,
          minmay_diced_spiral, uniq_joseph
Temple:   hellmonk_temple_divided_pantheon
Lair:1:   layout_cave_shapes
Lair:2:   layout_loops_ring, nicolae_lair_grove_arrangements
Lair:3:   layout_gridlike, skrybe_swamp_entry_bodies,
          minmay_snake_entry_six_corridors, serial_bayou_pond_c
Swamp:1:  cheibrodos_swamp_monstrosity, layout_basic_swamp,
          hangedman_swamp_lotus

Skill      XL: |  1  2  3  4  5  6  7  8  9 10 11 12 |
---------------+-------------------------------------+-----
Axes           | 2 3 4 |  4.8
Armour         | 3 4 5 6 7 |  7.6
Fighting       | 3 4 5 6 7 |  7.1
Dodging        | 1 2 3 4 |  4.0
Shields        | 3 4 5 |  5.2
Maces & Flails | 1 2 5 7 10 11 14 | 14.8
Stealth        | 1 |  1.8

Action                   |  1- 3 |  4- 6 |  7- 9 | 10-12 || total
-------------------------+-------+-------+-------+-------++-------
Melee: War axe           |   122 |    82 |       |       ||   204
       Morningstar       |       |    47 |   255 |   339 ||   641
  Use: Potion            |     1 |     5 |     6 |     7 ||    19
       Scroll            |     5 |     1 |     4 |     9 ||    19
 Stab: Invisible         |       |       |     1 |       ||     1
Armor: Scale mail        |    66 |    69 |    65 |    27 ||   227
       Plate armour      |       |       |       |    72 ||    72
Dodge: Dodged            |    57 |   184 |   273 |   225 ||   739
       Repelled          |       |       |     1 |       ||     1
Block: Buckler           |    26 |    49 |    70 |    82 ||   227
       Kite shield       |       |       |       |     2 ||     2

Table legend: (Time is in decaauts)
 A = Elapsed time spent in this place.
 B = Non-inter-level travel time spent in this place.
 C = Inter-level travel time spent in this place.
 D = Time resting spent in this place.
 E = Time spent auto-exploring this place.
 F = Levels seen in this place.
 G = Mean time per level.
                   A        B        C        D        E       F      G
               +--------+--------+--------+--------+--------+-----+--------+
         Total |  13412 |  12009 |   1403 |    335 |   9316 |  16 |  838.2 |
       Dungeon |   9977 |   8914 |   1063 |    200 |   7117 |  10 |  997.7 |
        Temple |    121 |    121 |      0 |      0 |     79 |   1 |  121.0 |
          Lair |   2247 |   1907 |    340 |      0 |   1492 |   3 |  749.0 |
         Swamp |     40 |     40 |      0 |      0 |     10 |   1 |   40.0 |
         Sewer |   1025 |   1025 |      0 |    135 |    617 |   1 | 1025.0 |
               +--------+--------+--------+--------+--------+-----+--------+

Top non-repeatable levels by time:
     D:5: 1302 daAuts
    D:10: 1216 daAuts
     D:1: 1135 daAuts
     D:9: 1054 daAuts
   Sewer: 1025 daAuts
  Lair:2: 981 daAuts
     D:6: 929 daAuts
     D:7: 907 daAuts
     D:8: 895 daAuts
     D:4: 858 daAuts
     D:2: 851 daAuts
     D:3: 824 daAuts
  Lair:1: 637 daAuts
  Lair:3: 629 daAuts
  Temple: 121 daAuts
